[Event "Titled Tuesday Blitz April 18 Late 2023"]
[White "Wang, Alexander J"]
[Black "Erzhanov, Arman"]
[WhiteFideId "30955270"]
[BlackFideId "4138821"]
[WhiteElo "2322"]
[BlackElo "2138"]
[Result "0-1"]
[Round "10"]
[TimeControl "180+2"]
[Date "2023.04.18"]
[WhiteClock "0:00:03"]
[BlackClock "0:00:27"]

1. e4 d6 2. d4 Nf6 3. Nc3 c6 4. Nf3 Bg4 5. h3 Bh5 6. Be3 e6 7. Be2 d5 8. e5 Nfd7 9. Nb1 c5 10. c3 Qb6 11. Qd2 Bxf3 12. gxf3 Nc6 13. f4 g6 14. O-O Rc8 15. Kh2 h5 16. Na3 cxd4 17. cxd4 Bb4 18. Qd1 a6 19. Nc2 Be7 20. Rb1 Kf8 21. a3 Na5 22. b4 Nc4 23. a4 Qc7 24. b5 Qa5 25. bxa6 bxa6 26. Bxc4 Rxc4 27. Rb7 Qxa4 28. Na3 Qxd1 29. Rxd1 Bxa3 30. Rxd7 Kg7 31. Ra7 Ra4 32. Rb1 Bb4 33. Rb7 a5 34. Rc1 Rf8 35. Rcc7 Ra1 36. f5 gxf5 37. Bg5 Rd1 38. Be3 f4 39. Bxf4 Rxd4 40. Bg5 Rd1 41. Bf6+ Kg6 42. f4 Rd2+ 43. Kg3 d4 44. Kf3 Rd3+ 45. Ke4 Rxh3 46. Kxd4 Rf3 47. Ke4 Rf1 48. Rc2 Re1+ 49. Kf3 Kf5 50. Rg2 Rf1+ 51. Ke3 Bc5+ 52. Kd3 Kxf4 53. Ke2 Ra1 54. Rb5 Ra2+ 55. Kf1 Rxg2 56. Kxg2 Bb4 57. Be7 Rg8+ 58. Kh3 Bxe7 0-1


[Site "https://www.chess.com"]

[Event "Titled Tuesday Blitz April 18 Late 2023"]
[White "Mikhalsky, Vladimir"]
[Black "Fajdetic, Hrvoje"]
[WhiteFideId "14144352"]
[BlackFideId "14501945"]
[WhiteElo "2236"]
[BlackElo "2185"]
[Result "1-0"]
[Round "10"]
[TimeControl "180+2"]
[Date "2023.04.18"]
[WhiteClock "0:00:21"]
[BlackClock "0:00:07"]

1. d4 e6 2. g3 f5 3. c4 Nf6 4. Bg2 d6 5. Nc3 Be7 6. e4 e5 7. dxe5 dxe5 8. Qxd8+ Bxd8 9. Nf3 Nc6 10. O-O O-O 11. Re1 Nxe4 12. Nxe4 fxe4 13. Ng5 Bxg5 14. Bxg5 Bf5 15. Bxe4 Bxe4 16. Rxe4 h6 17. Be3 Rad8 18. c5 a6 19. b4 Rd5 20. a4 Rfd8 21. Kg2 Kf7 22. Rc1 Nd4 23. h4 Kf6 24. h5 Ne6 25. c6 b6 26. Rg4 Rd3 27. Ra1 Rb3 28. Rc4 Rdd3 29. a5 b5 30. Rg4 Rb2 31. Kh3 Rdb3 32. Rg6+ Kf7 33. Rd1 Ke7 34. Rd7+ Ke8 35. Rxe6+ Kf8 36. Bc5+ Kg8 37. Re8+ Kh7 38. Rdd8 1-0


[Site "https://www.chess.com"]

[Event "Titled Tuesday Blitz April 18 Late 2023"]
[White "Volkmann, Andre Jordi"]
[Black "Goncalves, Davi Sulzbacher"]
[WhiteFideId "2154463"]
[BlackFideId "2154510"]
[WhiteElo "1999"]
[BlackElo "2182"]
[Result "1-0"]
[Round "10"]
[TimeControl "180+2"]
[Date "2023.04.18"]
[WhiteClock "0:00:42"]
[BlackClock "0:00:01"]

1. d4 Nf6 2. c4 e6 3. Nc3 Bb4 4. Bd2 O-O 5. e3 b6 6. Bd3 Bb7 7. Nf3 c5 8. O-O cxd4 9. exd4 d5 10. cxd5 Nxd5 11. Nxd5 Bxd2 12. Qxd2 Bxd5 13. Qf4 Nd7 14. Rac1 Rc8 15. Rxc8 Qxc8 16. Qh4 h6 17. Ne5 Bxa2 18. Nxd7 Qxd7 19. Qe4 g6 20. Ra1 Bd5 21. Qf4 Rc8 22. Qxh6 a5 23. h3 Qb7 24. Ra3 Bxg2 25. Bxg6 Rc1+ 26. Qxc1 fxg6 27. Rg3 Be4 28. Qf4 Qd5 29. Qb8+ Kg7 30. Qc7+ Kh6 31. Qxb6 Bf5 32. Qc5 Qa2 33. Qc1+ Kh7 34. Rc3 1-0


[Site "https://www.chess.com"]

[Event "Titled Tuesday Blitz April 18 Late 2023"]
[White "D`Arruda, Ricardo D."]
[Black "ayme97"]
[WhiteFideId "100692"]
[WhiteElo "2473"]
[BlackElo "2244"]
[Result "1/2-1/2"]
[Round "10"]
[TimeControl "180+2"]
[Date "2023.04.18"]
[WhiteClock "0:00:12"]
[BlackClock "0:00:09"]

1. d4 Nf6 2. Nf3 g6 3. Nc3 d5 4. Bg5 Bg7 5. Bxf6 Bxf6 6. e4 c6 7. Bd3 O-O 8. e5 Bg7 9. Ne2 Bg4 10. c3 Bxf3 11. gxf3 f6 12. f4 f5 13. h4 c5 14. h5 e6 15. Qd2 Qa5 16. hxg6 hxg6 17. Rg1 Kf7 18. Qe3 Rh8 19. dxc5 Bf8 20. b4 Qa3 21. Kf1 a5 22. Rb1 axb4 23. Rxb4 Ra7 24. Nd4 Bxc5 25. Qg3 Rg8 26. Nb5 Qa5 27. Nd6+ Bxd6 28. exd6 Nc6 29. Rb1 Qxc3 30. Rh1 Rg7 31. d7 Rxa2 32. Rxb7 Nd8 33. Rb8 Ra1+ 34. Kg2 Rxh1 35. Kxh1 Rh7+ 36. Kg2 Qe1 37. Bf1 Qe4+ 38. f3 Qc2+ 39. Kg1 Qc5+ 40. Kg2 Qc2+ 41. Kg1 Qc5+ 42. Kg2 Qc2+ 1/2-1/2


[Site "https://www.chess.com"]

[Event "Titled Tuesday Blitz April 18 Late 2023"]
[White "Barrientos, Sergio E"]
[Black "Kielinkei"]
[WhiteFideId "4401824"]
[WhiteElo "2423"]
[BlackElo "2416"]
[Result "1-0"]
[Round "10"]
[TimeControl "180+2"]
[Date "2023.04.18"]
[WhiteClock "0:01:11"]
[BlackClock "0:00:05"]

1. a3 d5 2. b4 e5 3. Bb2 Bd6 4. e3 Nf6 5. d4 exd4 6. Bxd4 O-O 7. Nf3 a5 8. b5 c5 9. Bb2 Be6 10. Nbd2 Nbd7 11. c4 Qe7 12. Qc2 d4 13. Bd3 dxe3 14. fxe3 Bg4 15. O-O-O Qxe3 16. Rde1 Qh6 17. h3 Bxf3 18. gxf3 Bf4 19. Re2 Rfe8 20. Rg2 Ne5 21. Rhg1 Nxd3+ 22. Qxd3 Rad8 23. Qf5 Bxd2+ 24. Kb1 Re6 25. Rxg7+ Qxg7 26. Rxg7+ Kxg7 27. f4 h6 28. Be5 Be3 29. Qg4+ Kf8 30. Qh4 Bd4 31. Qxh6+ Ke7 32. Bc7 Rd7 33. b6 Be3 34. Qg5 Bd4 35. Kc2 Re2+ 36. Kb3 Re3+ 37. Ka4 Bb2 38. Qxc5+ Ke8 39. Qxe3+ Kf8 40. f5 Bd4 41. Qh6+ Ke7 42. Qf4 Bc5 43. Qe5+ 1-0


[Site "https://www.chess.com"]

[Event "Titled Tuesday Blitz April 18 Late 2023"]
[White "Estrada Nieto, Julian"]
[Black "brm72"]
[WhiteFideId "5101018"]
[WhiteElo "2161"]
[BlackElo "2568"]
[Result "1/2-1/2"]
[Round "10"]
[TimeControl "180+2"]
[Date "2023.04.18"]
[WhiteClock "0:00:09"]
[BlackClock "0:00:08"]

1. e4 c6 2. d4 d5 3. Nc3 dxe4 4. Nxe4 Nf6 5. Nxf6+ exf6 6. c3 Bd6 7. Bd3 O-O 8. Ne2 Re8 9. Qc2 h5 10. O-O Qc7 11. h3 Nd7 12. Bd2 Nf8 13. Rae1 Be6 14. c4 Rad8 15. Kh1 g5 16. Bf5 Kg7 17. c5 Be7 18. Ng3 h4 19. Bxe6 fxe6 20. Ne4 Ng6 21. Qc4 Bf8 22. Nc3 Qd7 23. Be3 b5 24. Qe2 b4 25. Ne4 Qd5 26. f3 Rd7 27. Qa6 Ne7 28. Nd6 Rb8 29. Qe2 Ng6 30. b3 Bxd6 31. cxd6 Qxd6 32. Rc1 Rb5 33. Qc2 Ne7 34. f4 Nf5 35. Bf2 gxf4 36. Qe2 Kf8 37. Qg4 Rg7 38. Qf3 Qd5 39. Rxc6 Qxf3 40. gxf3 Ng3+ 41. Bxg3 Rxg3 42. Rxe6 Kf7 43. Re4 Rxh3+ 44. Kg2 Rg3+ 45. Kf2 Rbg5 46. Rxf4 Rg2+ 47. Ke3 h3 48. Rh4 Rxa2 49. Rxh3 Rb2 50. Rh7+ Kg6 51. Rxa7 Rxb3+ 52. Ke4 f5+ 53. Kd5 f4+ 54. Kd6 Rd3 55. Rc1 Rxd4+ 56. Ke6 Rd3 57. Rcc7 Re3+ 58. Kd6 Rd3+ 59. Ke6 Re3+ 60. Kd6 Rge5 61. Rg7+ Kh6 62. Rh7+ Kg6 63. Rag7+ Kf6 64. Rf7+ Kg6 65. Rhg7+ Kh6 66. Rh7+ Kg6 67. Rfg7+ Kf6 68. Rf7+ Kg6 1/2-1/2


[Site "https://www.chess.com"]

[Event "Titled Tuesday Blitz April 18 Late 2023"]
[White "Szente Varga, Fruzsina"]
[Black "Al-Tarboush, Ward"]
[WhiteFideId "712264"]
[BlackFideId "7601450"]
[WhiteElo "1994"]
[BlackElo "2265"]
[Result "0-1"]
[Round "10"]
[TimeControl "180+2"]
[Date "2023.04.18"]
[WhiteClock "0:00:10"]
[BlackClock "0:01:21"]

1. e4 e5 2. Nf3 Nf6 3. Nxe5 d6 4. Nf3 Nxe4 5. Bd3 Nc5 6. O-O Nxd3 7. cxd3 Nc6 8. Re1+ Be7 9. d4 Bg4 10. d5 Ne5 11. d4 Nxf3+ 12. gxf3 Bh3 13. Bg5 f6 14. Bf4 O-O 15. Nc3 Qe8 16. Ne4 Qg6+ 17. Bg3 f5 18. Nc3 Bf6 19. f4 Rae8 20. Qd3 h5 21. Nb5 h4 22. Nxc7 Rxe1+ 23. Rxe1 hxg3 24. fxg3 Rc8 25. Nb5 Kh7 26. Nxa7 Re8 27. Re6 Qh5 28. Nb5 Rc8 29. Nc3 b5 30. a3 b4 31. axb4 Ra8 32. Re1 Re8 33. Rxe8 Qxe8 34. Kf2 Qd7 35. b5 Qa7 36. Qc2 Qxd4+ 37. Kf3 Qg1 38. Qe2 Bg4# 0-1


[Site "https://www.chess.com"]

[Event "Titled Tuesday Blitz April 18 Late 2023"]
[White "Bruedigam, Martin"]
[Black "micke12a"]
[WhiteFideId "24608033"]
[WhiteElo "2331"]
[BlackElo "2366"]
[Result "1-0"]
[Round "10"]
[TimeControl "180+2"]
[Date "2023.04.18"]
[WhiteClock "0:01:33"]
[BlackClock "0:00:48"]

1. d4 Nf6 2. c4 g6 3. f3 d5 4. cxd5 Nxd5 5. e4 Nb6 6. Nc3 Bg7 7. Be3 O-O 8. Qd2 e5 9. d5 c6 10. h4 cxd5 11. exd5 N8d7 12. h5 Nf6 13. hxg6 fxg6 14. O-O-O Bd7 15. Kb1 Rc8 16. Bh6 Bf5+ 17. Ka1 e4 18. Bxg7 Kxg7 19. g4 Bd7 20. Qd4 Kg8 21. g5 Nh5 22. Nxe4 Bf5 23. Ne2 Bxe4 24. fxe4 Qxg5 25. Nc3 Qf4 26. Bh3 Rc4 27. Be6+ Rf7 28. Bxf7+ Qxf7 29. Qe5 Nd7 30. Qd6 Qg7 31. Qe6+ Kh8 32. Qe8+ Nf8 33. Rhf1 Nf6 34. Qe5 N8d7 35. Qe6 Nc5 36. Qxf6 1-0


[Site "https://www.chess.com"]

[Event "Titled Tuesday Blitz April 18 Late 2023"]
[White "Bilan, Danila"]
[Black "Todorovic, Bojan"]
[WhiteFideId "24161918"]
[BlackFideId "917087"]
[WhiteElo "2182"]
[BlackElo "2266"]
[Result "0-1"]
[Round "10"]
[TimeControl "180+2"]
[Date "2023.04.18"]
[WhiteClock "0:00:04"]
[BlackClock "0:00:37"]

1. d4 Nf6 2. Nf3 g6 3. Bg5 Bg7 4. c3 b6 5. Nbd2 Bb7 6. Qc2 c5 7. e4 cxd4 8. cxd4 O-O 9. e5 Nd5 10. Bc4 Nc6 11. Bxd5 Nb4 12. Bxf7+ Rxf7 13. Qb3 a5 14. a3 Bd5 15. Qa4 b5 16. Qd1 Nd3+ 17. Ke2 Nxb2 18. Qc2 Nc4 19. Rhb1 Rb8 20. Nxc4 Bxc4+ 21. Ke3 d5 22. Nd2 Qd7 23. f3 Rf5 24. Bf4 Qa7 25. Bg3 Bxe5 26. Qc3 Bxg3 27. hxg3 e5 28. Nxc4 dxc4 29. a4 exd4+ 30. Qxd4 Re8+ 0-1


[Site "https://www.chess.com"]

[Event "Titled Tuesday Blitz April 18 Late 2023"]
[White "Skaric, Djuro"]
[Black "angelgab3"]
[WhiteFideId "934569"]
[WhiteElo "2282"]
[BlackElo "2508"]
[Result "0-1"]
[Round "10"]
[TimeControl "180+2"]
[Date "2023.04.18"]
[WhiteClock "0:00:19"]
[BlackClock "0:00:33"]

1. g3 Nf6 2. Bg2 d5 3. d3 c5 4. Nf3 Nc6 5. O-O e5 6. Nc3 Be7 7. e4 d4 8. Ne2 h6 9. h3 Be6 10. Ne1 g5 11. c4 Nd7 12. f4 f6 13. Nf3 Qc7 14. fxg5 hxg5 15. g4 Nf8 16. Ng3 Ng6 17. Nf5 Nf4 18. Bxf4 gxf4 19. Ng7+ Kf7 20. Nxe6 Kxe6 21. h4 Rag8 22. Bh3 Kf7 23. Rf2 Rh7 24. Rg2 Rgh8 25. g5 fxg5 26. Bf5 Rg7 27. Nxg5+ Bxg5 28. hxg5 Ne7 29. Qg4 Qd6 30. Rc1 Rhg8 31. Qh5+ Kf8 32. Kf2 Qb6 33. b3 Qa5 34. Kf3 Ng6 35. Qh6 Ke7 36. Bxg6 Rxg6 37. Qh4 a6 38. Qh3 Kd8 39. Qf5 Qc7 40. Rh1 Qe7 41. Rh5 b5 42. Rgh2 Rxg5 43. Rxg5 Rxg5 44. Rh8+ Kc7 45. Qc8+ Kb6 46. Rh6+ Ka5 47. Qxa6+ Kb4 48. Qxb5+ Kc3 49. Rh3 Qe6 50. Rh2 Qg4+ 51. Kf2 Qg3+ 52. Ke2 Qe3+ 53. Kd1 Rg1# 0-1


[Site "https://www.chess.com"]

[Event "Titled Tuesday Blitz April 18 Late 2023"]
[White "Sonnenschein, Philipp"]
[Black "Rodriguez Santiago, Jaime"]
[WhiteFideId "16250877"]
[BlackFideId "3100898"]
[WhiteElo "2224"]
[BlackElo "2025"]
[Result "1-0"]
[Round "10"]
[TimeControl "180+2"]
[Date "2023.04.18"]
[WhiteClock "0:00:06"]
[BlackClock "0:00:08"]

1. e4 c6 2. d4 d5 3. e5 Bf5 4. h4 h5 5. Bd3 Bxd3 6. Qxd3 Qa5+ 7. b4 Qa6 8. Qb3 e6 9. Nf3 Ne7 10. a4 Nf5 11. Na3 Be7 12. b5 Qb6 13. Qc3 c5 14. a5 Qc7 15. b6 axb6 16. axb6 Qc6 17. O-O cxd4 18. Qb3 Nd7 19. Rb1 O-O 20. Nb5 Qxb6 21. Nbxd4 Qxb3 22. Rxb3 Nxd4 23. Nxd4 Nc5 24. Rb5 Rfc8 25. Bf4 Ra4 26. c3 Rc4 27. Ne2 Bxh4 28. g3 Be7 29. Ra1 g5 30. Be3 Rc7 31. Ra7 Nd7 32. Rbxb7 Bd8 33. Bd4 Rxb7 34. Rxb7 Bc7 35. f4 gxf4 36. gxf4 Kg7 37. Kg2 Nf8 38. Kf3 Ng6 39. Nc1 Ne7 40. Nd3 Nf5 41. Nc5 Ba5 42. Nxe6+ Kg6 43. Ng5 Bxc3 44. Bxc3 Rxc3+ 45. Kf2 d4 46. Rxf7 d3 47. Rf6+ Kg7 48. Rxf5 d2 49. Ke2 Rd3 50. Kd1 h4 51. Ne6+ Kg6 52. Rg5+ Kh6 53. f5 h3 54. Rg1 h2 55. Rh1 Rh3 56. Kxd2 Kh5 57. Nf4+ Kg4 58. Nxh3 Kxh3 59. Rxh2+ Kxh2 60. f6 1-0


[Site "https://www.chess.com"]

[Event "Titled Tuesday Blitz April 18 Late 2023"]
[White "Jaskolka, Tomasz"]
[Black "Mihajlovskij"]
[WhiteFideId "1170791"]
[WhiteElo "2155"]
[BlackElo "2310"]
[Result "1-0"]
[Round "10"]
[TimeControl "180+2"]
[Date "2023.04.18"]
[WhiteClock "0:00:34"]
[BlackClock "0:00:07"]

1. d4 Nf6 2. c4 g6 3. g3 Bg7 4. Bg2 O-O 5. Nf3 d6 6. O-O c5 7. e3 Nc6 8. b3 Bg4 9. Bb2 Nd7 10. h3 Bxf3 11. Bxf3 a6 12. Kg2 cxd4 13. exd4 Qb6 14. Nc3 Rfe8 15. Nd5 Qd8 16. Qd2 e5 17. Kg1 f5 18. dxe5 Ndxe5 19. Bg2 Rc8 20. Rad1 b5 21. cxb5 axb5 22. Ne3 Nf7 23. Bxg7 Kxg7 24. Qd5 Re5 25. Qd3 Qa5 26. Qc2 Qa3 27. Qc3 Ne7 28. Qa1 Rc2 29. Nxc2 1-0


[Site "https://www.chess.com"]

[Event "Titled Tuesday Blitz April 18 Late 2023"]
[White "Nemsko"]
[Black "Storey, Charles H"]
[BlackFideId "406686"]
[WhiteElo "2306"]
[BlackElo "2196"]
[Result "0-1"]
[Round "10"]
[TimeControl "180+2"]
[Date "2023.04.18"]
[WhiteClock "0:00:06"]
[BlackClock "0:00:04"]

1. d4 g6 2. e4 Bg7 3. Nc3 c5 4. Be3 cxd4 5. Bxd4 Nf6 6. f3 Nc6 7. Be3 d6 8. Qd2 O-O 9. O-O-O Be6 10. Bh6 Bxh6 11. Qxh6 Qa5 12. Kb1 Rfc8 13. Nge2 Ne5 14. h4 Nc4 15. Ka1 Nxb2 16. Kxb2 Qb4+ 17. Ka1 Rxc3 18. Nxc3 Qxc3+ 19. Kb1 Rc8 20. Qd2 Qa3 21. c4 Bxc4 22. Bxc4 Rxc4 23. Rc1 Rxc1+ 24. Rxc1 Kg7 25. Qc3 Qa6 26. g4 e5 27. Qb3 Qa5 28. Qxb7 Ne8 29. Qc6 Qb4+ 30. Ka1 Nf6 31. Qc3 Qb6 32. Rd1 Nd7 33. Qd3 Nc5 34. Qxd6 Qa5 35. Qxe5+ Kg8 36. Qb2 h6 37. h5 Na4 38. Qb8+ Kg7 39. Qb3 Qe5+ 40. Kb1 Nc3+ 41. Kc1 Nxd1 42. Kxd1 gxh5 43. gxh5 Qa1+ 44. Ke2 Qh1 45. Qc3+ Kh7 46. Qe5 Qg2+ 47. Ke3 Qxa2 48. Qf5+ Kg7 49. Qe5+ Kg8 50. Qb8+ Kh7 51. Kf4 Qe6 52. Qxa7 Qf6+ 53. Ke3 Qg5+ 54. Kd3 Qxh5 55. Qe3 Qb5+ 56. Kd2 Kg6 57. Qf4 Qb2+ 58. Ke3 Qc1+ 0-1


[Site "https://www.chess.com"]

[Event "Titled Tuesday Blitz April 18 Late 2023"]
[White "Ardila, Oscar Humberto"]
[Black "Melikhov, Evgeny V."]
[WhiteFideId "4404742"]
[BlackFideId "4122046"]
[WhiteElo "1918"]
[BlackElo "2158"]
[Result "0-1"]
[Round "10"]
[TimeControl "180+2"]
[Date "2023.04.18"]
[WhiteClock "0:00:02"]
[BlackClock "0:00:16"]

1. d4 Nf6 2. c4 e6 3. Nc3 Bb4 4. Bd2 O-O 5. Nf3 d5 6. e3 dxc4 7. Bxc4 Nc6 8. O-O Bd6 9. Nb5 e5 10. Nxd6 cxd6 11. dxe5 dxe5 12. Bc3 Qxd1 13. Rfxd1 Bg4 14. h3 Bxf3 15. gxf3 Rfd8 16. Kf1 a6 17. Ke2 b5 18. Bb3 b4 19. Be1 Rab8 20. Rxd8+ Rxd8 21. Rd1 Rxd1 22. Kxd1 a5 23. Ke2 Kf8 24. Kd3 Ke7 25. Kc4 Kd6 26. Kb5 Nd5 27. a3 Nc7+ 28. Kb6 f5 29. axb4 axb4 30. Ba4 Nd5+ 31. Ka6 Kc5 32. Bd2 f4 33. e4 Nc7+ 34. Kb7 Nb5 35. Bb3 Nbd4 36. Bg8 h6 37. Bd5 Na5+ 38. Kc7 Nc4 39. Bc1 Nb3 40. Bxf4 exf4 41. Kd7 Nd4 42. Ke7 Nxf3 43. Kf7 Ng5+ 44. Kxg7 Nxh3 45. Kxh6 Nxf2 46. Kg5 Nd3 47. Kg4 Ncxb2 0-1


[Site "https://www.chess.com"]

[Event "Titled Tuesday Blitz April 18 Late 2023"]
[White "Tyagi, Kushan"]
[Black "Kovalevsky, Stanislav"]
[WhiteFideId "2040069"]
[BlackFideId "13508598"]
[WhiteElo "2286"]
[BlackElo "2174"]
[Result "1-0"]
[Round "10"]
[TimeControl "180+2"]
[Date "2023.04.18"]
[WhiteClock "0:00:07"]
[BlackClock "0:00:06"]

1. d4 d5 2. c4 c6 3. Nf3 Nf6 4. Qb3 e6 5. g3 Nbd7 6. Bg2 Ne4 7. O-O f5 8. Bf4 Be7 9. Nfd2 g5 10. Be3 h5 11. f3 Nxd2 12. Nxd2 O-O 13. Bf2 f4 14. e4 Nf6 15. e5 Ne8 16. Qd3 Ng7 17. Bh3 Bd7 18. Qg6 Qe8 19. Qd3 Rc8 20. c5 Nf5 21. b4 Qg6 22. Bxf5 Qxf5 23. Qxf5 Rxf5 24. a4 Be8 25. Rfb1 g4 26. fxg4 hxg4 27. b5 Bg5 28. Nf1 Rc7 29. Rb3 Rcf7 30. Ra2 fxg3 31. Nxg3 Rf3 32. Rab2 Rxb3 33. Rxb3 Bf4 34. b6 a6 35. Be3 Bxe3+ 36. Rxe3 Rf4 37. Ne2 Re4 38. Rxe4 dxe4 39. a5 Bg6 40. Kf2 Kg7 41. Ke3 Kh6 42. Kf4 Bf5 43. Ng3 Kg6 44. Nxe4 Bxe4 45. Kxe4 Kg5 46. Ke3 Kf5 47. Kd3 Kg5 48. Ke4 Kh4 49. d5 exd5+ 50. Kf4 Kh3 51. e6 Kxh2 52. e7 g3 53. e8=Q g2 54. Qh5+ Kg1 55. Kf3 Kf1 56. Qh3 Ke1 57. Qxg2 d4 58. Qe2# 1-0


[Site "https://www.chess.com"]

[Event "Titled Tuesday Blitz April 18 Late 2023"]
[White "Kubatko, Ivan"]
[Black "Harish, Neeraj"]
[WhiteFideId "24111473"]
[BlackFideId "30958130"]
[WhiteElo "2285"]
[BlackElo "1965"]
[Result "1-0"]
[Round "10"]
[TimeControl "180+2"]
[Date "2023.04.18"]
[WhiteClock "0:00:02"]
[BlackClock "0:00:01"]

1. e4 e5 2. Nf3 Nc6 3. Nc3 Nf6 4. g3 Bc5 5. Bg2 O-O 6. O-O d6 7. h3 a5 8. d3 h6 9. Kh2 Be6 10. a3 Re8 11. Nh4 d5 12. exd5 Nxd5 13. Ne4 Be7 14. Qh5 Bxh4 15. gxh4 Nf6 16. Nxf6+ Qxf6 17. Be3 Rad8 18. Be4 Bd5 19. Rg1 Bxe4 20. dxe4 Kh7 21. c3 Ne7 22. Rg2 Qe6 23. Rag1 Ng6 24. Qf5 Rg8 25. h5 Qxf5 26. exf5 Nf4 27. Rg4 Nd5 28. Bc5 Nf6 29. Rc4 Nxh5 30. Be3 c6 31. a4 Nf6 32. b4 axb4 33. cxb4 Ra8 34. a5 Rad8 35. a6 bxa6 36. Rxc6 Rb8 37. Bc5 Rgc8 38. Rxa6 Ne4 39. Be7 Nc3 40. f6 Ne4 41. Rxg7+ Kh8 42. Rxf7 Nxf2 43. Rg7 Ne4 44. Rg2 Nc3 45. f7 Nd5 46. Rxh6# 1-0


[Site "https://www.chess.com"]

[Event "Titled Tuesday Blitz April 18 Late 2023"]
[White "ElenGajger"]
[Black "Osmonbekov, Talaibek"]
[BlackFideId "2017253"]
[WhiteElo "2439"]
[BlackElo "2135"]
[Result "1-0"]
[Round "10"]
[TimeControl "180+2"]
[Date "2023.04.18"]
[WhiteClock "0:00:23"]
[BlackClock "0:00:03"]

1. e4 c5 2. Nc3 Nc6 3. Bb5 g6 4. f4 Bg7 5. Nf3 e6 6. Bxc6 dxc6 7. O-O Ne7 8. d3 O-O 9. Be3 b6 10. Qe1 a5 11. Qh4 a4 12. a3 f5 13. Rae1 Bf6 14. Qg3 Kh8 15. Kh1 Ng8 16. Ne5 Qc7 17. Bd2 b5 18. Nd1 Bb7 19. Bc3 Qe7 20. exf5 gxf5 21. Ne3 b4 22. Nxf5 exf5 23. Ng6+ hxg6 24. Rxe7 Nxe7 25. axb4 Bxc3 26. bxc3 Kg7 27. bxc5 a3 28. Ra1 Nd5 29. c4 Nc3 30. Qe1 Na4 31. Rxa3 Rfe8 32. Qa1+ Kh7 33. h4 Nxc5 34. Rxa8 Rxa8 35. Qe5 1-0


[Site "https://www.chess.com"]

[Event "Titled Tuesday Blitz April 18 Late 2023"]
[White "Vargas Rodriguez, Wilver"]
[Black "Prydun, Andriy"]
[WhiteFideId "3509672"]
[BlackFideId "14145898"]
[WhiteElo "2224"]
[BlackElo "2164"]
[Result "0-1"]
[Round "10"]
[TimeControl "180+2"]
[Date "2023.04.18"]
[WhiteClock "0:00:02"]
[BlackClock "0:02:08"]

1. e4 d5 2. exd5 Qxd5 3. Nc3 Qd8 4. Bc4 Nf6 5. Nf3 e6 6. O-O Be7 7. Re1 O-O 8. d4 b6 9. Ne5 Bb7 10. Bg5 Nbd7 11. Nxf7 Rxf7 12. Bxe6 Qf8 13. d5 Rd8 14. Qe2 Bd6 15. Nb5 Nc5 16. Bxf6 Nxe6 17. dxe6 Rxf6 18. e7 Bxe7 19. Qxe7 Rxf2 20. Qxf8+ Rdxf8 0-1


[Site "https://www.chess.com"]

[Event "Titled Tuesday Blitz April 18 Late 2023"]
[White "Kovacevic, Radmila"]
[Black "Marczuk, Dominik"]
[WhiteFideId "933171"]
[BlackFideId "1111264"]
[WhiteElo "2194"]
[BlackElo "2174"]
[Result "0-1"]
[Round "10"]
[TimeControl "180+2"]
[Date "2023.04.18"]
[WhiteClock "0:00:09"]
[BlackClock "0:00:14"]

1. e4 c5 2. Nf3 Nc6 3. d4 cxd4 4. c3 Nf6 5. e5 Nd5 6. Bc4 Nb6 7. Bb3 d6 8. exd6 Qxd6 9. cxd4 e6 10. Kf1 Be7 11. Nc3 O-O 12. g3 e5 13. dxe5 Bh3+ 14. Kg1 Nxe5 15. Bf4 Qxd1+ 16. Bxd1 Nd3 17. Bg5 Bc5 18. Ne4 Bb4 19. a3 Rfe8 20. axb4 Rxe4 21. Bc2 Bg4 22. Kg2 Bxf3+ 23. Kxf3 Re5 24. Be3 Nxb4 25. Bb3 Ree8 26. Rhd1 h6 27. Bxb6 axb6 28. Rxa8 Rxa8 29. Rd7 Nc6 30. Bxf7+ Kf8 31. Ke4 Ra4+ 32. Kf5 Ne7+ 33. Ke5 Kxf7 34. Rxb7 Rb4 35. Kd6 Rd4+ 36. Ke5 Rd5+ 37. Ke4 Rb5 38. f4 Rxb2 39. Ke5 Rb5+ 40. Kd6 Rd5+ 0-1


[Site "https://www.chess.com"]

[Event "Titled Tuesday Blitz April 18 Late 2023"]
[White "Osmak, Yuliia"]
[Black "lluiss"]
[WhiteFideId "14101602"]
[WhiteElo "2291"]
[BlackElo "2304"]
[Result "1-0"]
[Round "10"]
[TimeControl "180+2"]
[Date "2023.04.18"]
[WhiteClock "0:01:47"]
[BlackClock "0:00:24"]

1. d4 Nf6 2. c4 g6 3. Nc3 d5 4. cxd5 Nxd5 5. e4 Nxc3 6. bxc3 Bg7 7. Nf3 c5 8. Rb1 O-O 9. Be2 cxd4 10. cxd4 Qa5+ 11. Bd2 Qxa2 12. O-O Bg4 13. Bg5 Bf6 14. Bxf6 exf6 15. Rxb7 Nc6 16. d5 Ne5 17. Nxe5 Bxe2 18. Qc1 Bxf1 19. Nd7 Qa6 20. Qh6 Rfd8 21. Rb6 Rxd7 22. Rxa6 Bxa6 23. Qf4 Kg7 24. h4 h5 25. g4 hxg4 26. Qxg4 Re7 27. d6 Re5 28. Qd7 Bc8 29. Qc6 Rb8 30. d7 Bxd7 31. Qxd7 a5 32. f3 Rb2 33. Qd4 Reb5 34. f4 R2b4 35. Qd3 a4 36. h5 Rb3 37. Qd4 R5b4 38. h6+ Kxh6 39. Qxf6 Rb7 40. Qh8# 1-0


[Site "https://www.chess.com"]

[Event "Titled Tuesday Blitz April 18 Late 2023"]
[White "Meunier-Pion, Jean"]
[Black "Ng, Gary"]
[WhiteFideId "20685327"]
[BlackFideId "2604914"]
[WhiteElo "2124"]
[BlackElo "2303"]
[Result "1-0"]
[Round "10"]
[TimeControl "180+2"]
[Date "2023.04.18"]
[WhiteClock "0:00:40"]
[BlackClock "0:00:08"]

1. d4 Nf6 2. c4 e6 3. g3 d5 4. Bg2 Be7 5. Nf3 O-O 6. O-O c5 7. cxd5 Nxd5 8. e4 Nb4 9. a3 N4c6 10. d5 exd5 11. exd5 Na5 12. Bf4 Bd6 13. Bxd6 Qxd6 14. Qa4 b6 15. Nc3 Bd7 16. Qh4 h6 17. Rad1 Re8 18. Ne4 Qg6 19. Rfe1 Na6 20. Nfd2 Nc7 21. b4 cxb4 22. axb4 Nb7 23. Nc4 Nb5 24. Qf4 f5 25. Ned2 Nc3 26. Rc1 Ne2+ 27. Rxe2 Rxe2 28. d6 Rb8 29. Bxb7 Rxb7 30. Qf3 Rxd2 31. Qxb7 Rxd6 32. Qb8+ Kh7 33. Qxd6 1-0


[Site "https://www.chess.com"]

[Event "Titled Tuesday Blitz April 18 Late 2023"]
[White "Florianovitz, Derlei Alex"]
[Black "Gatterer, Florian"]
[WhiteFideId "2114178"]
[BlackFideId "811688"]
[WhiteElo "1953"]
[BlackElo "2221"]
[Result "1/2-1/2"]
[Round "10"]
[TimeControl "180+2"]
[Date "2023.04.18"]
[WhiteClock "0:02:06"]
[BlackClock "0:01:15"]

1. e4 c5 2. Nf3 e6 3. d4 cxd4 4. Nxd4 Nf6 5. Nc3 Nc6 6. Nxc6 bxc6 7. Bd3 d5 8. exd5 cxd5 9. O-O Bd6 10. Bg5 h6 11. Bh4 O-O 12. Re1 a5 13. Qf3 Be7 14. a4 Bb7 15. Nb5 Nd7 16. Bg3 Ba6 17. c3 Nc5 18. Bc2 Bxb5 19. axb5 Bh4 20. b4 Bxg3 21. bxc5 Bh4 22. Reb1 Qc7 23. c6 Be7 1/2-1/2


[Site "https://www.chess.com"]

[Event "Titled Tuesday Blitz April 18 Late 2023"]
[White "Vaglio Munoz, Jaime"]
[Black "Dahlgren, James Allen"]
[WhiteFideId "6500145"]
[BlackFideId "22256873"]
[WhiteElo "2199"]
[BlackElo "2195"]
[Result "0-1"]
[Round "10"]
[TimeControl "180+2"]
[Date "2023.04.18"]
[WhiteClock "0:00:02"]
[BlackClock "0:00:12"]

1. Nf3 e6 2. b3 c5 3. Bb2 Nc6 4. g3 d5 5. Bg2 Nf6 6. O-O Be7 7. Ne5 O-O 8. f4 Bd7 9. e3 b5 10. a4 b4 11. d3 a5 12. Nd2 Qc7 13. h3 Nxe5 14. fxe5 Ne8 15. g4 Bc6 16. e4 d4 17. Nc4 Bb7 18. Qd2 h6 19. Rf3 Ba6 20. Raf1 Bxc4 21. dxc4 Qxe5 22. Qd3 Bg5 23. Bc1 Ra7 24. Bf4 Bxf4 25. Rxf4 g5 26. R4f2 f6 27. Rf3 Nd6 28. Re1 Nf7 29. Qe2 Nh8 30. Qf2 Ng6 31. Bf1 Nh4 32. Rg3 Kf7 33. Bd3 Ke8 34. Rf1 Raf7 35. Re1 Kd7 36. Bf1 Kc7 37. Bd3 Kb6 38. Bf1 Ng6 39. Bd3 Rh8 40. Rf3 h5 41. Rf1 Nf4 42. Rxf4 gxf4 43. Qxf4 Qxf4 44. Rxf4 e5 45. Rf5 hxg4 46. hxg4 Rh6 47. Be2 Rg7 48. Bf3 Kc7 49. Be2 Kd6 50. Kg2 Ke6 51. Kg3 Rh1 52. Bf1 Rg5 53. Rf2 Rg1+ 54. Bg2 Rc1 55. Kh4 Kf7 56. Bf1 Kg6 57. Bd3 Kg7 58. Kg3 Rg6 59. Kf3 Rh6 60. Kg2 Kg6 61. Rf3 Kg5 62. Rf5+ Kxg4 63. Be2+ Kh4 64. Kh2 Rxc2 65. Rf2 Kg5+ 66. Kg3 Rc3+ 67. Kg2 Rxb3 68. Rf5+ Kg6 69. Bg4 Rc3 70. Rf2 Rxc4 71. Bf5+ Kg7 72. Kf3 Rc3+ 73. Kg4 b3 74. Rb2 c4 75. Be6 Rc2 76. Rb1 b2 77. Bxc4 Rxc4 78. Rxb2 Kg6 79. Rb8 Rh7 80. Rg8+ Rg7 81. Ra8 Rxa4 0-1


[Site "https://www.chess.com"]